 Dungeon Crawl Stone Soup version 0.28.0-45-g0d030f2227 (webtiles) character file.

Game seed: 7276348208854198921

8496 Andrea the Basher (level 11, -5/97 HPs)
             Began as a Ghoul Abyssal Knight on Apr 3, 2022.
             Was a Believer of Lugonu.
             Slain by a killer bee (12 damage)
             ... on level 10 of the Dungeon on Apr 5, 2022.
             The game lasted 00:39:31 (14432 turns).

Andrea the Basher (Ghoul Abyssal Knight)           Turns: 14432, Time: 00:39:32

Health: -5/97      AC: 13    Str: 22    XL:     11   Next: 31%
Magic:  15/16      EV:  4    Int:  5    God:    Lugonu [**....]
Gold:   501        SH: 13    Dex: 12    Spells: 10/10 levels left

rFire   + + .      SeeInvis .   a - +1 mace (freeze)
rCold   + + .      Faith    .   y - +0 kite shield {rC+ rF+}
rNeg    + + +      Spirit   .   k - +0 plate armour
rPois   ∞          Reflect  +   i - +1 helmet of Decsorghai {Dex+3}
rElec   .          Harm     .   r - +0 cloak
rCorr   .          Rampage  .   (no gloves)
Will    .....                   (no boots)
Stlth   ..........              l - amulet of reflection
HPRegen 0.00/turn               o - ring of protection from fire
MPRegen 0.15/turn               (no ring)

@: inhibited regen
A: claws 1, cold resistance 1, negative energy resistance 3, inhibited
regeneration, torment resistance 2
a: Renounce Religion, Depart the Abyss, Bend Space


You were on level 10 of the Dungeon.
You worshipped Lugonu.
Lugonu was pleased with you.
You visited 2 branches of the dungeon, and saw 11 of its levels.
You visited the Abyss 1 time.

You collected 501 gold pieces.

Inventory:

Hand Weapons
 a - a +1 mace of freezing (weapon)
 p - a +2 whip of venom
Missiles
 e - 16 poisoned darts
 j - 3 boomerangs
 w - a throwing net
Armour
 i - the +1 helmet of Decsorghai (worn) {Dex+3}
   (You found it on level 5 of the Dungeon)

   Dex:       It affects your dexterity (+3).
 k - a +0 plate armour (worn)
 r - a +0 cloak (worn)
 y - a +0 kite shield of resistance (worn)
Jewellery
 b - an amulet of magic regeneration
 l - an amulet of reflection (around neck)
 o - a ring of protection from fire (left claw)
Wands
 h - a wand of acid (8)
 u - a wand of flame (9)
 A - a wand of polymorph (5)
 B - a wand of digging (6)
Scrolls
 c - a scroll of amnesia
 d - a scroll of noise {unknown}
 n - a scroll of teleportation
 v - a scroll of magic mapping
 z - a scroll of brand weapon
Potions
 f - a potion of magic
 g - 4 potions of curing
 m - 3 potions of attraction
 s - a potion of brilliance {unknown}
 t - 2 potions of ambrosia
 C - a potion of resistance


   Skills:
 - Level 9.3 Fighting
 * Level 12.0 Maces & Flails
 - Level 1.7 Armour
 - Level 0.8 Dodging
 + Level 3.8 Shields
 - Level 8.1 Invocations


You had 10 spell levels left.
You didn't know any spells.
Your spell library contained the following spells:

 Spells                   Type           Power      Damage    Failure   Level
 Pain                     Necr           0%         1d4       100%        1
 Static Discharge         Conj/Air       0%         N/A       100%        2
 Frozen Ramparts          Ice            0%         1d2       100%        3
 Gell's Gravitas          Tloc           0%         N/A       100%        3
 Teleport Other           Tloc           0%         N/A       100%        3
 Hailstorm                Conj/Ice       0%         3d3       100%        4
 Agony                    Necr           0%         N/A       100%        5
 Excruciating Wounds      Necr           0%         N/A       100%        5
 Silence                  Hex/Air        0%         N/A       100%        5
 Dispersal                Tloc           0%         N/A       100%        6
 Simulacrum               Ice/Necr       0%         N/A       100%        6
 Ice Form                 Ice/Tmut       Unusable   N/A       N/A         4

Dungeon Overview and Level Annotations

Branches:
Dungeon (10/15)            Temple (1/1) D:4
   Lair: D:8-11         Orc: D:9-12

Altars:
Dithmenos
Elyvilon
Kikubaaqudgha
Nemelex Xobeh
Okawaru
Ru
Sif Muna
Trog
Uskayaw
Vehumet
Wu Jian
Xom
Zin
The Shining One

Annotations:
Abyss:1 Harold


Innate Abilities, Weirdness & Mutations

You thrive by killing the living.
You are immune to poison.
You have sharp fingernails.
Your flesh is cold resistant. (rC+)
You are immune to negative energy. (rN+++)
You do not regenerate when monsters are visible.
You are immune to unholy pain and torment.


Message History

The killer bee stings you. You block the killer bee's attack.
The killer bee stings you.
You hit the killer bee but do no damage.
The killer bee is severely wounded.
The killer bee stings you. You block the killer bee's attack.
The killer bee stings you.
You closely miss the killer bee.
The killer bee is severely wounded.
The killer bee stings you. The killer bee stings you!
You block the killer bee's attack.
You miss the killer bee.
The killer bee is severely wounded.
You block the killer bee's attack.
The killer bee stings you but does no damage.
The killer bee stings you.
You completely miss the killer bee.
The killer bee is severely wounded.
The killer bee barely misses you. The killer bee stings you.
You block the killer bee's attack.
You hit the killer bee but do no damage.
The killer bee is severely wounded.
You block the killer bee's attack.
The killer bee stings you but does no damage.
The killer bee stings you.
You closely miss the killer bee.
The killer bee is severely wounded.
The killer bee stings you but does no damage.
The killer bee stings you!
* * * LOW HITPOINT WARNING * * *
The killer bee stings you.
* * * LOW HITPOINT WARNING * * *
The killer bee stings you but does no damage.
The killer bee stings you!
* * * LOW HITPOINT WARNING * * *
You hear an angry buzzing noise. x3
The killer bee stings you.
* * * LOW HITPOINT WARNING * * *
You block the killer bee's attack. The killer bee stings you!
You die... ##'###### #... #...# ###' ###.### #. #...# ##### # ######'## #.... .. #.......########.... y)y

#.......'...........
...y
####.......########....
...y. ##yy'yy@..<.#
#....
..y..!#yy##.y.....#
#....
†y...y'.###.......#
#.... .†.!..###
#####'### ##### #####
#.# . #.# .. #.# .# #.#
...


You could see 7 killer bees.

Vanquished Creatures
  An unseen horror (D:6)
  A queen bee (D:10)
  3 slime creatures
  A vampire (D:9)
  3 yaks
  2 steam dragons
  A water moccasin (D:4)
  2 acid dragons
  3 ice beasts
  2 orc warriors
  2 sky beasts
  2 black bears
  A necrophage (D:8)
  2 ogres
  4 centaurs
  A phantom (D:7)
  3 bullfrogs (D:8)
  A gnoll sergeant (D:6)
  A scorpion (D:5)
  A water moccasin zombie (D:5)
  9 wights
  16 killer bees
  A bullfrog zombie (D:7)
  4 hounds
  2 centaur zombies
  3 orc priests
  A jelly (D:8)
  A bullfrog skeleton (D:5)
  3 iguanas
  5 orc wizards
  A killer bee zombie (D:7)
  A hound zombie (D:5)
  13 gnolls
  9 adders
  A shadow imp (D:5)
  2 white imps
  2 ufetubi
  An adder skeleton (D:4)
  2 worms
  A dart slug (D:2)
  26 orcs
  5 bats
  9 endoplasms
  3 giant cockroaches
  11 goblins
  7 hobgoblins
  5 kobolds
  4 quokkas
  7 ball pythons
  6 frilled lizards
  8 rats
206 creatures vanquished.

Vanquished Creatures (others)
  An orc (D:7)
  2 plants (D:2)
3 creatures vanquished.

Grand Total: 209 creatures vanquished

Notes
Turn   | Place    | Note
-------+----------+-------------------------------------------
     0 | Abyss:1  | Andrea the Ghoul Abyssal Knight began the quest for the
                  | Orb.
     0 | Abyss:1  | Reached XP level 1. HP: 19/19 MP: 1/1
    46 | Abyss:1  | Noticed a small abomination
    97 | Abyss:1  | Noticed a death drake
    97 | Abyss:1  | Noticed an ancient zyme
    98 | D:1      | Escaped the Abyss
   126 | D:1      | Reached skill level 2 in Maces & Flails
   130 | D:1      | Reached * piety under Lugonu
   170 | D:1      | Reached XP level 2. HP: 26/26 MP: 2/2
   659 | D:1      | Reached XP level 3. HP: 33/33 MP: 3/3
   659 | D:1      | You fall into a shaft and drop 1 floor!
  1019 | D:2      | Reached skill level 3 in Maces & Flails
  1499 | D:1      | Reached XP level 4. HP: 37/40 MP: 4/4
  1550 | D:2      | Found a faded altar of an unknown god.
  1978 | D:3      | Reached ** piety under Lugonu
  2162 | D:3      | Found a hide-covered altar of Uskayaw.
  2162 | D:3      | Noticed a +0 falchion
  2162 | D:3      | Noticed a +0 dagger
  2164 | D:3      | Noticed a +0 spear
  2164 | D:3      | Noticed a +0 spear
  2164 | D:3      | Noticed a +0 short sword
  2165 | D:3      | Noticed a +0 falchion
  2165 | D:3      | Noticed a +0 dagger
  2167 | D:3      | Noticed a +0 short sword
  2788 | D:3      | Reached XP level 5. HP: 47/47 MP: 5/5
  2801 | D:4      | Reached skill level 4 in Maces & Flails
  3059 | D:4      | Found a staircase to the Ecumenical Temple.
  3068 | Temple   | Entered the Ecumenical Temple
  3567 | D:5      | Entered Level 5 of the Dungeon
  3895 | D:4      | Reached XP level 6. HP: 17/55 MP: 6/6
  4192 | D:5      | Noticed a water moccasin
  4788 | D:5      | Identified the +1 helmet of Decsorghai {Dex+3}
  4861 | D:5      | Reached skill level 5 in Fighting
  4960 | D:5      | Reached skill level 5 in Maces & Flails
  5081 | D:5      | Noticed an ice beast
  5103 | D:5      | Killed an ice beast
  5104 | D:5      | Reached XP level 7. HP: 16/61 MP: 7/7
  5353 | D:5      | Reached skill level 6 in Maces & Flails
  6007 | D:5      | Reached XP level 8. HP: 64/71 MP: 8/8
  6182 | D:4      | Reached skill level 7 in Maces & Flails
  6491 | D:6      | Killed an unseen horror
  6841 | D:6      | Reached skill level 8 in Maces & Flails
  6919 | D:6      | Reached *** piety under Lugonu
  7602 | D:6      | Reached XP level 9. HP: 71/80 MP: 10/10
  8417 | D:7      | Reached skill level 9 in Maces & Flails
  8827 | D:7      | Found an iron altar of Okawaru.
  8962 | D:7      | Reached skill level 5 in Invocations
 10139 | D:8      | Got Xoushrum's Compendium of Air and the Snowflakes
 10217 | D:8      | Reached XP level 10. HP: 90/90 MP: 13/13
 10364 | D:8      | Noticed Harold
 10958 | D:8      | Banished Harold
 10959 | D:8      | Reached skill level 10 in Maces & Flails
 11115 | D:9      | Noticed a two-headed ogre
 11398 | D:9      | Banished a two-headed ogre
 12239 | D:9      | Reached skill level 1 in Shields
 12717 | D:9      | Reached skill level 11 in Maces & Flails
 13045 | D:9      | Found a radiant altar of Vehumet.
 13058 | D:9      | Noticed a manticore
 13060 | D:9      | Banished a manticore
 13061 | D:9      | Reached XP level 11. HP: 97/97 MP: 11/16
 13458 | D:10     | Entered Level 10 of the Dungeon
 13839 | D:10     | Noticed a two-headed ogre
 13840 | D:10     | Banished a two-headed ogre
 13845 | D:10     | Noticed a rakshasa
 14419 | D:10     | Reached skill level 12 in Maces & Flails
 14432 | D:10     | Slain by a killer bee

Illustrated notes

Levels and vault maps discovered:
D:1:      lemuel_arrival_room, layout_basic
D:2:      cheibrodos_old_hovel, layout_loops_ring,
          dreamdust_ecumenical_altar_statues, minmay_hexomino_c4
D:3:      layout_loops_cross, nicolae_uskayaw_en_pointe,
          kennysheep_generic_room_8
D:4:      layout_rooms, lemuel_temple_firewalk_a
D:5:      layout_cave_pods, elyvilon_altar_5, hangedman_abyss_or_decor_passed
D:6:      layout_loops_ring
D:7:      layout_loops_ring, mainiacjoe_overflow_concentric_impassable,
          enter_bailey_5
D:8:      layout_basic, minmay_misc_feat_cross, uniq_harold
D:9:      layout_cave_pools, lemuel_round_altar
D:10:     layout_roguey [special_room_bee], lightli_orcish_oven
Temple:   regret_index_temple_mists

Skill      XL: |  1  2  3  4  5  6  7  8  9 10 11 |
---------------+----------------------------------+-----
Maces & Flails | 2 3 4 5 6 8 9 11 12 | 12.0
Fighting       | 4 5 6 7 8 9 |  9.3
Invocations    | 3 6 8 |  8.1
Shields        | 2 3 |  3.8
Armour         | |  1.7
Dodging        | |  0.8

Action                   |  1- 3 |  4- 6 |  7- 9 | 10-12 || total
-------------------------+-------+-------+-------+-------++-------
Melee: Mace              |   125 |   201 |   429 |   262 ||  1017
       Punch             |     3 |     2 |     7 |     4 ||    16
Throw: Dart              |       |       |     5 |       ||     5
       Boomerang         |       |       |     1 |       ||     1
Invok: Depart the Abyss  |     1 |       |       |       ||     1
       Bend Space        |       |     5 |       |       ||     5
       Banish            |       |       |       |    11 ||    11
  Use: Scroll            |     1 |    11 |     1 |     4 ||    17
       Potion            |       |     1 |     6 |       ||     7
Armor: Leather armour    |    39 |       |       |       ||    39
       Scale mail        |    13 |    56 |       |       ||    69
       Plate armour      |       |    35 |   256 |   200 ||   491
Dodge: Dodged            |   100 |    81 |    90 |    73 ||   344
Block: Other             |       |    24 |    74 |    47 ||   145
       Reflection        |       |     1 |     3 |    10 ||    14
       Kite shield       |       |       |       |    99 ||    99
